 Dungeon Crawl Stone Soup version 0.27.1-3-gb3d3a73c9e (webtiles) character file.

Game seed: 6977330503147813776

630 Urokeeper the Sneak (level 7, -1/56 HPs)
             Began as a Human Brigand on Oct 5, 2021.
             Slain by a killer bee zombie (4 damage)
             ... on level 5 of the Dungeon.
             The game lasted 00:12:31 (5589 turns).

Urokeeper the Sneak (Human Brigand)                 Turns: 5589, Time: 00:12:33

Health: -1/56      AC:  6    Str: 14    XL:     7   Next: 77%
Magic:  7/7        EV: 11    Int: 11    God:
Gold:   189        SH:  0    Dex: 14    Spells: 6/6 levels left

rFire    + . .     SeeInvis .   r - +1 dagger (venom)
rCold    . . .     Faith    .   (no shield)
rNeg     . . .     Spirit   .   g - +0 ring mail
rPois    .         Reflect  .   (no helmet)
rElec    .         Harm     .   c - +0 cloak
rCorr    .         Rampage  .   (no gloves)
Will     .....                  (no boots)
Stlth    ++........             (no amulet)
HPRegen  0.18/turn              h - ring of protection from fire
MPRegen  0.10/turn              (no ring)

@: mighty, lethally poisoned (-1 -> -4)
A: no striking features
a: no special abilities


You were on level 5 of the Dungeon.
You visited 1 branch of the dungeon, and saw 5 of its levels.

You collected 189 gold pieces.

Inventory:

Hand Weapons
 a - a +3 dagger
 r - a +1 dagger of venom (weapon)
Missiles
 d - 25 poisoned darts
 e - a curare-tipped dart (quivered)
 s - 5 boomerangs of dispersal
 t - a throwing net
Armour
 b - a +0 robe
 c - a +0 cloak (worn)
 g - a +0 ring mail (worn)
Jewellery
 h - a ring of protection from fire (left hand)
 p - the ring "Gohaymes" {Wiz Will+++ rCorr Int+3 Dex-2}
   (You found it on level 4 of the Dungeon)

   [ring of wizardry]

   It improves your spell success rate.
   Int:       It affects your intelligence (+3).
   Dex:       It affects your dexterity (-2).
   rCorr:     It protects you from acid and corrosion.
   Will:      It greatly increases your willpower.
Scrolls
 f - a scroll of enchant weapon
 k - a scroll of fear {unknown}
 u - a scroll of immolation
Potions
 i - 4 potions of curing {unknown}
 j - a potion of resistance
 m - a potion of brilliance {unknown}
 n - a potion of ambrosia {unknown}
 o - a potion of invisibility {unknown}
 q - a potion of degeneration {unknown}


   Skills:
 * Level 5.2 Fighting
 + Level 4.0 Short Blades
 - Level 2.0 Throwing
 + Level 3.5 Dodging
 + Level 5.4 Stealth


You had 6 spell levels left.
You didn't know any spells.
Your spell library was empty.

Dungeon Overview and Level Annotations

Branches:
Dungeon (5/15)
 Temple: D:4-7

Altars:
Sif Muna
Zin

Shops:
D:4 *


Message History

The white imp gestures at you. The puff of frost hits you.
You feel very mighty all of a sudden.
The killer bee zombie barely misses you.
The adder bites you.
You are poisoned.
The adder poisons you! The killer bee zombie misses you. The adder bites you.
You are more poisoned.
The adder poisons you! The white imp hits you. The white imp freezes you.
You feel very sick.
The killer bee zombie barely misses you.
The white imp spits at you.
You feel sick.
You puncture the adder!
The adder is poisoned.
The adder is severely wounded.
You feel sick.
You kill the adder!
You barely miss the killer bee zombie.
The killer bee zombie is lightly damaged.
You feel sick.
The killer bee zombie closely misses you. x2
You hit the killer bee zombie.
The killer bee zombie is moderately damaged.
You feel sick. The killer bee zombie hits you.
* * * LOW HITPOINT WARNING * * *
The white imp shouts, "Out, out, thou bawdy wibble-sucking urchin!"
You closely miss the killer bee zombie.
The killer bee zombie is moderately damaged.
The killer bee zombie misses you.
You puncture the white imp!
You kill the white imp!
* * * LOW HITPOINT WARNING * * *
You feel sick.
You hit the killer bee zombie.
The killer bee zombie is severely damaged.
* * * LOW HITPOINT WARNING * * *
You feel sick.
The killer bee zombie hits you but does no damage.
The killer bee zombie hits you.
You die...

.##.....................
........................
.........#......$....#..
.....#...#.......$...#
#....##!......##.#.....
........#.....#####.....
...............# .....
#..##..Z###....> ..$..
##.....@# .....
##.............
##............
##...........
........... ............
....##....... ....#
.......


You could see a killer bee zombie.

Vanquished Creatures
  Blork the orc (D:5)
  A scorpion (D:4)
  A wyvern skeleton (D:5)
  A vampire bat (D:3)
  A bullfrog zombie (D:5)
  2 orc priests (D:4)
  3 iguanas (D:4)
  5 adders
  3 gnolls (D:4)
  A white imp (D:5)
  An ufetubus (D:5)
  A worm (D:2)
  2 dart slugs
  3 fire bats (D:3)
  4 orcs
  A spectral bat (D:3)
  6 ball pythons
  3 bat skeletons (D:3)
  A bat zombie (D:3)
  6 endoplasms
  4 giant cockroaches
  7 goblins
  7 hobgoblins
  7 quokkas
  13 bats
  A bat simulacrum (D:3)
  2 frilled lizards
  6 kobolds
  3 rats
97 creatures vanquished.

Vanquished Creatures (others)
  A spectral bat (D:3)
1 creature vanquished.

Grand Total: 98 creatures vanquished

Notes
Turn   | Place    | Note
-------+----------+-------------------------------------------
     0 | D:1      | Urokeeper the Human Brigand began the quest for the Orb.
     0 | D:1      | Reached XP level 1. HP: 16/16 MP: 1/1
   186 | D:1      | Reached XP level 2. HP: 12/22 MP: 2/2
   721 | D:1      | Reached XP level 3. HP: 28/28 MP: 3/3
  1253 | D:2      | Reached XP level 4. HP: 24/34 MP: 4/4
  1910 | D:2      | Found a shimmering blue altar of Sif Muna.
  2452 | D:3      | Reached XP level 5. HP: 40/41 MP: 5/5
  2548 | D:3      | Reached XP level 6. HP: 33/48 MP: 6/6
  3252 | D:4      | Found Zin's Purification Station.
  3255 | D:4      | Found a glowing silver altar of Zin.
  3256 | D:4      | Identified the ring "Gohaymes" {Wiz Will+++ rCorr Int+3
                  | Dex-2}
  3341 | D:4      | HP: 2/48 [iguana (8)]
  3348 | D:4      | HP: 2/48 [constriction (1)]
  4289 | D:4      | Reached skill level 5 in Stealth
  4397 | D:4      | Reached XP level 7. HP: 44/55 MP: 7/7
  4987 | D:5      | Entered Level 5 of the Dungeon
  5041 | D:5      | Noticed Blork the orc
  5054 | D:5      | Killed Blork the orc
  5055 | D:5      | Reached skill level 5 in Fighting
  5589 | D:5      | Slain by a killer bee zombie

Illustrated notes

Levels and vault maps discovered:
D:1:      minmay_arrival_semitransparent, layout_rooms,
          hangedman_decor_clover_reticule
D:2:      minmay_skewed_foursquare, layout_basic, basic_altar,
          minmay_misc_feat_ornament
D:3:      layout_basic, serial_rivers, chequers_serial_rivers_micro_e,
          chequers_serial_rivers_micro_c, chequers_serial_rivers_micro_e,
          chequers_serial_rivers_small_3, chequers_serial_rivers_large_b,
          chequers_serial_rivers_small_a, goddamned_bats
D:4:      layout_basic, zin_purify, kennysheep_generic_room_8
D:5:      layout_cave_pools, gup_ossuary_entry_pyramid, uniq_blork_the_orc,
          uniq_crazy_yiuf_cottage

Skill      XL: |  1  2  3  4  5  6  7 |
---------------+----------------------+-----
Fighting       | 3 4 5 |  5.2
Dodging        | 2 3 |  3.5
Short Blades   | 3 4 |  4.0
Stealth        | 5 |  5.4
Throwing       | |  2.0

Action                   |  1- 3 |  4- 6 |  7- 9 || total
-------------------------+-------+-------+-------++-------
Melee: Dagger            |    85 |   266 |    78 ||   429
Throw: Dart              |     2 |     7 |     1 ||    10
  Use: Potion            |       |     3 |     2 ||     5
       Scroll            |       |     1 |     2 ||     3
 Stab: Sleeping          |     4 |     5 |     1 ||    10
Armor: Ring mail         |    36 |   213 |    20 ||   269
Dodge: Dodged            |    38 |   285 |    50 ||   373
